 Dungeon Crawl Stone Soup version 0.31-a0-198-g2ad674f65e (webtiles) character file.

Game seed: 1322157952826087160

27065 Gorgondantess the Fighter (level 13, -4/177 HPs)
             Began as an Armataur Warper on June 25, 2023.
             Was the Champion of Cheibriados.
             Slain by Rupert
             ... wielding a +0 great mace of venom
              (17 damage)
             ... on level 4 of the Lair of Beasts.
             The game lasted 00:39:14 (15511 turns).

Gorgondantess the Fighter (Armataur Warper)        Turns: 15511, Time: 00:39:15

Health: -4/177     AC: 30    Str: 42    XL:     13   Next: 2%
Magic:  19/19      EV:  1    Int: 29    God:    Cheibriados [******]
Gold:   918        SH:  7    Dex: 25    Spells: 6/20 levels left

rFire   . . .        S - +11 short sword of Beogh's Hope {venom, rPois}
rCold   + . .        K - +0 buckler
rNeg    . . .        I - melded +1 robe {Will+}
rPois   +            m - melded +1 hat
rElec   .            i - melded +1 cloak
rCorr   .            v - melded +0 pair of gloves
SInv    .            (no barding)
Will    +....        (no amulet)
Stlth   ++++         P - +4 ring of protection
HPRegen 0.49/turn    O - ring "Qayg" {rC+ Str+6}
MPRegen 0.16/turn

%: roll
@: mighty, lethally poisoned (-4 -> -13), tree-form, enlightened, very slow
A: stationary, stasis, torment immunity, boosted hp, large, rugged brown scales
3, (deformed body), (armoured tail), roll, long tongue, awkward tongue
a: Renounce Religion, Bend Time, Temporal Distortion, Slouch, Step From Time


You were on level 4 of the Lair of Beasts.
You worshipped Cheibriados.
Cheibriados was exalted by your worship.
You were a tree.
You visited 3 branches of the dungeon, and saw 17 of its levels.
You also visited: Ice Cave.

You collected 1118 gold pieces.
You spent 200 gold pieces at shops.

Inventory:

Hand Weapons
 u - the +5 dagger "Zedaisum" {spect, Int+4 Dex-2}
   (You found it on level 1 of the Lair of Beasts)

   Int:       It affects your intelligence (+4).
   Dex:       It affects your dexterity (-2).
 A - a +3 heavy morningstar
 S - the +11 short sword of Beogh's Hope (weapon) {venom, rPois}
   (You found it on level 8 of the Dungeon)

   rPois:     It protects you from poison.
Missiles
 d - 7 boomerangs of dispersal
 e - a throwing net
 g - 20 poisoned darts (quivered)
 E - 13 boomerangs
 F - 5 javelins
 Z - a curare-tipped dart
Armour
 i - a +1 cloak (melded)
 j - a +0 troll leather armour
 m - a +1 hat (melded)
 v - a +0 pair of gloves (melded)
 z - +0 acid dragon scales
 I - a +1 robe of willpower (melded)
 K - a +0 buckler (worn)
Jewellery
 N - a +6 ring of dexterity
 O - the ring "Qayg" (right branch) {rC+ Str+6}
   (You found it on level 7 of the Dungeon)

   [ring of strength]

   Str:       It affects your strength (+6).
   rC:        It protects you from cold.
 P - a +4 ring of protection (left branch)
 R - a ring of ice
Wands
 w - a wand of polymorph (12)
 L - a wand of iceblast (20)
 Q - a wand of mindburst (3)
 V - a wand of paralysis (9)
 Y - a wand of flame (17)
Scrolls
 a - 2 scrolls of amnesia {unknown}
 c - 5 scrolls of blinking
 f - a scroll of vulnerability
 h - a scroll of poison
 n - a scroll of enchant armour
 q - 2 scrolls of fear {unknown}
 r - 3 scrolls of fog {unknown}
 s - 3 scrolls of immolation {unknown}
 t - 2 scrolls of noise {unknown}
 x - a scroll of torment {unknown}
 y - 2 scrolls of revelation
 B - 8 scrolls of enchant weapon {unknown}
 D - 3 scrolls of teleportation
 J - a scroll of acquirement {unknown}
 M - a scroll of silence {unknown}
Potions
 k - 4 potions of haste {unknown}
 l - 4 potions of curing
 o - 2 potions of cancellation
 p - 3 potions of brilliance
 C - 2 potions of attraction
 H - 2 potions of resistance {unknown}
 T - a potion of invisibility {unknown}
 U - 4 potions of lignification
 X - a potion of ambrosia {unknown}
Miscellaneous
 b - a box of beasts


   Skills:
 - Level 9.2 Fighting
 - Level 6.0 Short Blades
 - Level 8.0 Maces & Flails
 - Level 4.0 Throwing
 - Level 6.4 Armour
 - Level 4.1 Dodging
 - Level 6.7 Stealth
 + Level 6.5 Shields
 - Level 4.0 Spellcasting
 - Level 5.6 Summonings
 - Level 5.9 Translocations
 - Level 2.0 Air Magic
 - Level 5.2 Invocations
 - Level 4.0 Evocations


You had 6 spell levels left.
You knew the following spells:

 Your Spells              Type           Power      Damage    Failure   Level
a - Blink                 Tloc           80%        N/A       1%          2
b - Lesser Beckoning      Tloc           80%        N/A       1%          2
c - Vhi's Electric Charg  Tloc/Air       56%        N/A       4%          3
d - Call Canine Familiar  Summ           38%        N/A       2%          3
e - Manifold Assault      Tloc           40%        N/A       7%          4

Your spell library contained the following spells:

 Spells                   Type           Power      Damage    Failure   Level
 Summon Small Mammal      Summ           100%       N/A       1%          1
 Teleport Other           Tloc           40%        N/A       1%          3
 Shock                    Conj/Air       44%        1d5       4%          1
 Summon Guardian Golem    Hex/Summ       22%        N/A       7%          3
 Slow                     Hex            20%        N/A       8%          1
 Static Discharge         Conj/Air       22%        2-3/arc   8%          2
 Swiftness                Air            17%        N/A       10%         3
 Ensorcelled Hibernation  Hex/Ice        10%        N/A       12%         2
 Scorch                   Fire           10%        2d5       12%         2
 Summon Lightning Spire   Summ/Air       28%        N/A       16%         4
 Confusing Touch          Hex            5%         N/A       22%         3
 Hailstorm                Conj/Ice       5%         3d4       22%         3
 Spider Form              Tmut/Pois      5%         N/A       22%         3
 Vampiric Draining        Necr           5%         2d6       22%         3
 Airstrike                Air            8%         2d(2-18)  32%         4
 Anguish                  Hex/Necr       2%         N/A       58%         4
 Flame Wave               Conj/Fire      5%         2d5       58%         4
 Ice Form                 Ice/Tmut       5%         N/A       58%         4
 Summon Cactus Giant      Summ           19%        N/A       75%         6
 Arcjolt                  Conj/Air       5%         1d15      80%         5
 Plasma Beam              Fire/Air       5%         2x1d16    100%        6
 Simulacrum               Ice/Necr       2%         N/A       100%        6


Dungeon Overview and Level Annotations

Branches:
Dungeon (11/15)            Temple (0/1) D:6            Lair (4/5) D:11
 Shoals (0/4) Lair:3       Spider (0/4) Lair:3          Orc (2/2) D:10
  IceCv (visited)
  Slime: Lair:4-5       Elf: Orc:2

Altars:
Ashenzari
Cheibriados
Dithmenos
Elyvilon
Fedhas
Gozag
Nemelex Xobeh
Okawaru
Trog
Vehumet
Wu Jian
Zin
The Shining One

Shops:
D:8 [?((

Annotations:
D:7 2 exclusions
Lair:4 Rupert
Orc:2 Erolcha


Innate Abilities, Weirdness & Mutations

You are a tree.
Your roots penetrate the ground, keeping you stationary.
You cannot be teleported.
You are immune to unholy pain and torment.
Your maximum health is greatly increased.
Your equipment is partially melded.
(You are completely covered in rugged brown scales. (AC +3, +7% HP))
((Armour fits poorly on your strangely shaped body.))
((You have a long armoured tail.))
You roll when moving toward enemies. (Rampage)
Your long tongue fully drains potion bottles. (2x potion effects)
Your tongue gives you trouble enunciating. (1.5x scroll delay)


Message History

You barely miss the komodo dragon.
The komodo dragon is moderately wounded.
You feel sick.
The water moccasin bites you but does no damage.
The komodo dragon bites you but does no damage.
Rupert hits you with a +0 great mace of venom!!
You puncture the komodo dragon!
The komodo dragon looks as sick as possible!
The komodo dragon is heavily wounded.
The water moccasin bites you but does no damage.
Rupert hits you with a +0 great mace of venom!!
* * * LOW HITPOINT WARNING * * *
You block the komodo dragon's attack.
Casting: Blink (safe; 1% risk of failure)
Confirm with . or Enter, or press ? or * to list all spells.
You cannot blink because you are held in place by your roots.
You hit the komodo dragon.
The komodo dragon is severely wounded.
You feel sick. You block the water moccasin's attack.
You block Rupert's attack.
The water moccasin bites you but does no damage.
Okay, then.
You feel very mighty all of a sudden.
You slurp down every last drop of the potion of might!
You feel sick.
Rupert hits you with a +0 great mace of venom!
* * * LOW HITPOINT WARNING * * *
The komodo dragon bites you but does no damage.
You block the water moccasin's attack.
Rupert hits you with a +0 great mace of venom!
* * * LOW HITPOINT WARNING * * *
You are more poisoned.
Unknown command.
You closely miss the komodo dragon.
The komodo dragon is almost dead.
You feel sick. The komodo dragon bites you.
* * * LOW HITPOINT WARNING * * *
You block the water moccasin's attack.
Rupert hits you with a +0 great mace of venom!
You die...

.. #.....##..###
#?..#...........#
#.⌠.#.....⌠...#.#
.#...#...........#
.........##.##.#.##
.....#.#.....##..####
##+.##.#.#.###......#
..##..@#..#.##(.......##
#....S♣..##.....#....##
#..⌠.>l⌠.##.##........P#
###!....#... ##........#
##.⌠.##...# ###...####
#####.....####..## ####
#....#....## ..P##
#..........# ....#
###### #......#####
~~..###P#.... ####.####


You could see Rupert (berserk, extremely poisoned), a komodo dragon (extremely
poisoned) and a water moccasin.

Vanquished Creatures
  A hydra (Lair:1)
  Erica (D:11)
  A catoblepas (Lair:2)
  3 two-headed ogres
  3 death yaks (D:11)
  A pharaoh ant (Lair:3)
  2 lindwurms (Lair:3)
  A cyclops (D:9)
  A manticore (D:7)
  7 cane toads
  3 unseen horrors
  4 komodo dragons
  Psyche (D:11)
  3 trolls
  A polar bear (Lair:4)
  12 blink frogs
  A jumping spider (Lair:3)
  Sigmund (D:6)
  A vampire (D:11)
  A wraith (D:10)
  29 yaks
  A basilisk (Lair:1)
  A steam dragon (D:8)
  4 wyverns
  A redback (Lair:3)
  6 vampire mosquitoes
  13 water moccasins
  An acid dragon (D:10)
  5 orc warriors
  3 ice beasts
  2 sky beasts
  A black bear (D:4)
  2 ogres
  3 wolves (Lair:1)
  2 centaurs
  2 phantoms
  A nameless horror (D:11)
  A kobold brigand (D:9)
  11 bullfrogs
  4 scorpions
  A wight (D:6)
  5 killer bees
  3 electric eels
  8 howler monkeys
  4 hounds
  12 orc priests
  A jelly (D:6)
  2 iguanas
  11 orc wizards
  4 sleepcaps
  9 adders
  2 shadow imps (D:5)
  2 white imps
  3 ufetubi
  2 worms
  3 dart slugs
  35 orcs
  10 endoplasms
  A giant cockroach (D:4)
  6 goblins
  5 hobgoblins
  11 jackals
  12 kobolds
  6 quokkas
  8 ball pythons
  4 bats
  3 frilled lizards
  7 rats
322 creatures vanquished.

Notes
Turn   | Place    | Note
-------+----------+-------------------------------------------
     0 | D:1      | Gorgondantess the Armataur Warper began the quest for the
                  | Orb.
     0 | D:1      | Reached XP level 1. HP: 18/18 MP: 3/3
   110 | D:1      | Reached XP level 2. HP: 11/25 MP: 4/4
   171 | D:1      | Learned a level 2 spell: Blink
   624 | D:1      | Reached XP level 3. HP: 29/31 MP: 5/5
  1426 | D:2      | Reached XP level 4. HP: 30/38 MP: 6/6
  2104 | D:3      | Found a white marble altar of Elyvilon.
  2144 | D:3      | Found a snail-covered altar of Cheibriados.
  2154 | D:3      | Became a worshipper of Cheibriados the Contemplative
  2167 | D:3      | Reached skill level 2 in Fighting
  2345 | D:3      | Found a broken altar of Ashenzari.
  2892 | D:4      | Reached XP level 5. HP: 14/44 MP: 7/7
  3245 | D:4      | Reached * piety under Cheibriados
  3427 | D:4      | Noticed a black bear
  3441 | D:4      | Killed a black bear
  3442 | D:4      | Reached skill level 3 in Fighting
  3442 | D:4      | Reached skill level 5 in Maces & Flails
  3442 | D:4      | Reached XP level 6. HP: 32/54 MP: 5/8
  3716 | D:5      | Entered Level 5 of the Dungeon
  3770 | D:5      | Found a radiant altar of Vehumet.
  3795 | D:5      | Noticed an ice beast
  3864 | D:5      | Reached skill level 4 in Fighting
  3885 | D:5      | Killed an ice beast
  3886 | D:5      | Reached XP level 7. HP: 51/64 MP: 9/9
  4039 | D:5      | Reached skill level 5 in Fighting
  4206 | D:5      | Learned a level 2 spell: Lesser Beckoning
  4403 | D:5      | Reached skill level 1 in Stealth
  4601 | D:5      | Found a bloodstained altar of Trog.
  5109 | D:6      | Reached XP level 8. HP: 59/72 MP: 10/10
  5162 | D:6      | Reached skill level 1 in Throwing
  5255 | D:6      | Reached ** piety under Cheibriados
  5442 | D:6      | Found a staircase to the Ecumenical Temple.
  5453 | D:6      | Noticed Sigmund
  5461 | D:6      | Killed Sigmund
  5758 | D:7      | Noticed a troll
  5829 | D:7      | Noticed a manticore
  5852 | D:7      | Found an opulent altar of Gozag.
  6291 | D:7      | Reached XP level 9. HP: 56/80 MP: 12/12
  6293 | D:7      | Reached *** piety under Cheibriados
  6448 | D:7      | Killed a manticore
  6449 | D:7      | Reached skill level 6 in Fighting
  6592 | D:7      | Killed a troll
  6805 | D:7      | Found a glowing golden altar of the Shining One.
  6861 | D:7      | Identified the ring "Qayg" {rC+ Str+6}
  7379 | D:8      | Found an iron altar of Okawaru.
  7384 | D:8      | Identified the +11 short sword of Beogh's Hope {venom,
                  | rPois}
  7506 | D:8      | Reached skill level 1 in Short Blades
  7758 | D:8      | Reached **** piety under Cheibriados
  7763 | D:8      | Learned a level 3 spell: Vhi's Electric Charge
  7940 | D:8      | Found Isikkuka's Weapon Shoppe.
  7941 | D:8      | Found Paseus's Magic Scroll Boutique.
  7941 | D:8      | Found Etybbyxt's Antique Armour Shop.
  7941 | D:8      | Found Hicw's Weapon Emporium.
  7996 | D:8      | Bought a scroll of revelation for 120 gold pieces
  7996 | D:8      | Bought a scroll of teleportation for 48 gold pieces
  7996 | D:8      | Bought a scroll of identify for 32 gold pieces
  8164 | D:8      | Reached XP level 10. HP: 83/89 MP: 13/13
  8175 | D:8      | Reached skill level 1 in Invocations
  8369 | D:8      | Reached skill level 1 in Air Magic
  8375 | D:8      | Found a shadowy altar of Dithmenos.
  8418 | D:9      | Noticed a cyclops
  8426 | D:9      | Killed a cyclops
  8612 | D:9      | Found a blossoming altar of Fedhas.
  8768 | D:9      | Noticed a two-headed ogre
  8781 | D:9      | Killed a two-headed ogre
  8782 | D:9      | Reached skill level 7 in Fighting
  8782 | D:9      | Reached skill level 5 in Stealth
  8792 | D:9      | Learned a level 3 spell: Call Canine Familiar
  9085 | D:9      | Reached ***** piety under Cheibriados
  9309 | D:9      | Found a glowing silver altar of Zin.
  9333 | D:9      | Reached skill level 5 in Translocations
  9452 | D:9      | Noticed a two-headed ogre
  9456 | D:9      | Killed a two-headed ogre
  9457 | D:9      | Reached skill level 1 in Summonings
  9457 | D:9      | Reached skill level 1 in Evocations
  9915 | D:10     | Entered Level 10 of the Dungeon
 10080 | D:10     | Found an ornate altar of the Wu Jian Council.
 10396 | D:10     | Found a sparkling altar of Nemelex Xobeh.
 10777 | D:10     | Found a staircase to the Orcish Mines.
 10815 | D:10     | Noticed a two-headed ogre
 10834 | D:10     | Reached XP level 11. HP: 41/98 MP: 14/14
 10857 | D:10     | Killed a two-headed ogre
 10858 | D:10     | Reached skill level 5 in Short Blades
 11517 | D:11     | Noticed Psyche
 11521 | D:11     | Killed Psyche
 11532 | D:11     | Reached skill level 5 in Armour
 11925 | D:11     | Noticed Erica
 11939 | D:11     | Killed Erica
 11940 | D:11     | Reached skill level 8 in Fighting
 11989 | D:11     | Noticed a death yak
 11992 | D:11     | Found a staircase to the Lair.
 11993 | D:11     | Noticed a death yak
 11993 | D:11     | Noticed a death yak
 11998 | D:11     | Killed a death yak
 12038 | Orc:1    | Entered Level 1 of the Orcish Mines
 12243 | Orc:2    | Entered Level 2 of the Orcish Mines
 12243 | Orc:2    | Noticed Erolcha
 12344 | D:11     | Killed a death yak
 12358 | D:11     | Killed a death yak
 12478 | Lair:1   | Entered Level 1 of the Lair of Beasts
 12537 | Lair:1   | Found a frozen archway.
 12539 | Lair:1   | Noticed a four-headed hydra
 12552 | Lair:1   | Killed a four-headed hydra
 12568 | IceCv    | Entered an ice cave
 12581 | IceCv    | Found a transporter.
 12644 | Lair:1   | Reached XP level 12. HP: 110/110 MP: 16/16
 12902 | Lair:1   | Identified the +5 dagger "Zedaisum" {spect, Int+4 Dex-2}
 13182 | Lair:1   | Reached skill level 5 in Summonings
 13884 | Lair:2   | Learned a level 4 spell: Manifold Assault
 14008 | Lair:2   | Noticed a catoblepas
 14118 | Lair:2   | Reached ****** piety under Cheibriados
 14119 | Lair:2   | Reached skill level 5 in Invocations
 14182 | Lair:2   | Reached skill level 9 in Fighting
 14292 | Lair:2   | Killed a catoblepas
 14528 | Lair:3   | Found a staircase to the Shoals.
 14558 | Lair:3   | Found a hole to the Spider Nest.
 14602 | Lair:3   | Reached skill level 1 in Shields
 14882 | Lair:3   | Reached skill level 5 in Shields
 15382 | Lair:4   | Reached XP level 13. HP: 109/118 MP: 19/19
 15461 | Lair:4   | Noticed Rupert
 15511 | Lair:4   | Slain by Rupert

Illustrated notes

Levels and vault maps discovered:
D:1:      dpeg_arrival_simpleton_b, layout_basic, reono_crystal_passage
D:2:      layout_basic
D:3:      layout_loops_ring, elyvilon_altar_1, cheibriados_altar_1,
          ashenzari_conservatory_becter, hangedman_decor_points
D:4:      layout_cave_pools
D:5:      layout_basic, kennysheep_little_box, lemuel_crystal_altar,
          kennysheep_small_circle
D:6:      layout_cave_pools, temple_doors_cd, kennysheep_generic_room_11,
          uniq_sigmund
D:7:      cheibrodos_fzero, layout_cave_pools, mainiacjoe_overflow_boulevard,
          mainiacjoe_overflow_catwalk, serial_bayou_lake_a
D:8:      layout_rooms, grunt_dithmenos_shadows, nicolae_overflow_crystal_walls,
          nicolae_wooded_promenade
D:9:      layout_basic, lemuel_round_altar, zin_statuary, serial_curves,
          eino_curves_01, eino_curves_04, chequers_serial_rivers_large_a
D:10:     layout_layer_cave, overflow_temple_1_default,
          nzn_wu_jian_contemplation, orc_0_dummy
D:11:     layout_irregular_city, dpeg_lair_monsters,
          amcnicky_mini_corridor_feature, chequers_jeans, uniq_psyche,
          uniq_erica
Lair:1:   layout_layer_cave, portal_ice_cave_entry_pillars_2,
          lemuel_fruit_fields, serial_bayou_shore_a
Lair:2:   layout_misc_corridors, grunt_megastairs_5
Lair:3:   layout_loops_ring, shoals_dummy_entry,
          nicolae_spider_entry_lesser_pyramids, serial_bayou_crossing
Lair:4:   layout_misc_corridors, grunt_megastairs_1, infiniplex_staircase_pool,
          uniq_rupert
Orc:1:    layout_caves, basic_altar, mines2_david
Orc:2:    st_orc_ogre_mass, layout_caves, uniq_erolcha

Skill      XL: |  1  2  3  4  5  6  7  8  9 10 11 12 |
---------------+-------------------------------------+-----
Maces & Flails | 2 3 4 5 6 7 8 |  8.0
Fighting       | 2 3 4 5 6 7 8 9 |  9.2
Stealth        | 1 3 4 5 6 |  6.7
Armour         | 2 3 4 5 6 |  6.4
Throwing       | 2 4 |  4.0
Dodging        | 2 3 4 |  4.1
Spellcasting   | 2 3 4 |  4.0
Translocations | 4 5 |  5.9
Short Blades   | 2 4 6 |  6.0
Invocations    | 2 4 5 |  5.2
Air Magic      | 2 |  2.0
Summonings     | 2 4 5 |  5.6
Evocations     | 1 3 4 |  4.0
Shields        | 6 |  6.5

Action                     |  1- 3 |  4- 6 |  7- 9 | 10-12 | 13-15 || total
---------------------------+-------+-------+-------+-------+-------++-------
  Melee: Mace              |   134 |   143 |   103 |       |       ||   380
         Tailslap          |    14 |    18 |    56 |   108 |     4 ||   200
         Punch             |       |     1 |     1 |     7 |       ||     9
         Whip              |       |       |   165 |       |       ||   165
         Short sword       |       |       |    64 |   511 |    27 ||   602
         Dagger            |       |       |     8 |       |       ||     8
         Morningstar       |       |       |       |    29 |       ||    29
  Throw: Dart              |       |     2 |    11 |     3 |       ||    16
         Throwing net      |       |       |     1 |       |       ||     1
         Boomerang         |       |       |     4 |     3 |       ||     7
   Cast: Blink             |       |     1 |     1 |     6 |       ||     8
         Lesser Beckoning  |       |       |     9 |       |       ||     9
         Vhi's Electric Ch |       |       |       |     4 |       ||     4
         Call Canine Famil |       |       |       |     1 |       ||     1
  Evoke: Wand              |       |       |     6 |     4 |       ||    10
    Use: Scroll            |       |     6 |     3 |     5 |       ||    14
         Potion            |       |     1 |     3 |     1 |     3 ||     8
   Stab: Held in net/web   |       |       |     2 |       |       ||     2
         Sleeping          |       |       |     1 |    21 |     1 ||    23
         Paralysed         |       |       |       |     5 |       ||     5
         Distracted        |       |       |       |     2 |       ||     2
 Armour: Leather armour    |    61 |    57 |    27 |       |       ||   145
         Skin              |       |    10 |    37 |       |    18 ||    65
         Ring mail         |       |       |    88 |       |       ||    88
         Steam dragon scal |       |       |    18 |    40 |       ||    58
         Acid dragon scale |       |       |       |    68 |       ||    68
         Troll leather arm |       |       |       |   133 |     8 ||   141
  Dodge: Dodged            |    80 |    56 |   148 |   227 |     4 ||   515
  Block: Buckler           |       |       |       |    16 |    15 ||    31

Table legend: (Time is in decaauts)
 A = Elapsed time spent in this place.
 B = Non-inter-level travel time spent in this place.
 C = Inter-level travel time spent in this place.
 D = Time resting spent in this place.
 E = Time spent auto-exploring this place.
 F = Levels seen in this place.
 G = Mean time per level.
                   A        B        C        D        E       F      G
               +--------+--------+--------+--------+--------+-----+--------+
         Total |  21303 |  20404 |    899 |   1833 |  14287 |  18 | 1183.5 |
       Dungeon |  15629 |  14873 |    756 |   1802 |   9967 |  11 | 1420.8 |
          Lair |   5291 |   5172 |    119 |     30 |   4052 |   4 | 1322.8 |
  Orcish Mines |    356 |    333 |     23 |      0 |    266 |   2 |  178.0 |
      Ice Cave |     25 |     25 |      0 |      0 |      0 |   1 |   25.0 |
               +--------+--------+--------+--------+--------+-----+--------+

Top non-repeatable levels by time:
  Lair:1: 2344 daAuts
     D:9: 2294 daAuts
    D:10: 2284 daAuts
     D:6: 1588 daAuts
  Lair:3: 1548 daAuts
     D:5: 1507 daAuts
     D:7: 1438 daAuts
     D:8: 1393 daAuts
     D:3: 1220 daAuts
  Lair:2: 1172 daAuts
     D:1: 1080 daAuts
    D:11: 1015 daAuts
     D:4: 912 daAuts
     D:2: 894 daAuts
   Orc:1: 354 daAuts
